 Dungeon Crawl Stone Soup version 0.31-a0-536-ga3e2962e35 (console) character file.

Game seed: 17107838754488491211

65 Lexodia the Trooper (level 4, -4/48 HPs)
             Began as an Ogre Gladiator on Aug 13, 2023.
             Slain by a gnoll
             ... wielding a +0 halberd
              (12 damage)
             ... on level 2 of the Dungeon.
             The game lasted 00:03:27 (1201 turns).

Lexodia the Trooper (Ogre Gladiator)                Turns: 1201, Time: 00:03:28

Health: -4/48      AC:  3    Str: 20    XL:     4   Next: 13%
Magic:  4/4        EV: 10    Int:  9    God:
Gold:   85         SH:  0    Dex: 10    Spells: 3/3 levels left

rFire   . . .        a - +0 flail
rCold   . . .        (no shield)
rNeg    . . .        b - +0 robe
rPois   .            c - +0 hat
rElec   .            (no cloak)
rCorr   .            (gloves unavailable)
SInv    .            (boots unavailable)
Will    .....        (no amulet)
Stlth   +            (no ring)
HPRegen 0.28/turn    (no ring)
MPRegen 0.09/turn

%: no passive effects
@: confused, lethally poisoned (-4 -> -12), ambrosia-drunk
A: large, unfitting armour, tough skin 1
a: no special abilities


You were on level 2 of the Dungeon.
You visited 1 branch of the dungeon, and saw 2 of its levels.

You collected 85 gold pieces.

Inventory:

Hand Weapons
 a - a +0 flail (weapon)
 i - a +2 dagger of holy wrath
Missiles
 d - 3 throwing nets (quivered)
 j - 5 stones
Armour
 b - a +0 robe (worn)
 c - a +0 hat (worn)
Potions
 g - a potion of degeneration {unknown}
 h - a potion of attraction {unknown}


   Skills:
 + Level 3.7 Fighting
 + Level 3.1 Maces & Flails
 + Level 2.7 Throwing
 + Level 3.2 Dodging


You had 3 spell levels left.
You didn't know any spells.
Your spell library contained the following spells:

 Spells                   Type           Power      Damage    Failure   Level
 Apportation              Tloc           0%         N/A       38%         1
 Necrotise                Necr           0%         1d4       38%         1
 Summon Small Mammal      Summ           0%         N/A       38%         1


Dungeon Overview and Level Annotations

Branches:
Dungeon (2/15)

Altars:


Innate Abilities, Weirdness & Mutations

You are too large for most types of armour.
You have tough skin. (AC +1)


Message History

The gnoll hits you from afar with a +0 halberd!
Huge Dmg: -47%(-23hp) hp: 53%(25hp)
The adder bites you.
You are poisoned.
The adder poisons you!
Damage: -5%(-2hp) hp: 48%(23hp)
You feel sick.
Damage: -4%(-2hp) hp: 44%(21hp)
The adder attacks as you move away! The adder closely misses you.
You feel sick.
Damage: -2%(-1hp) hp: 42%(20hp)
You feel sick. The adder closely misses you.
You closely miss the adder.
You feel sick. The adder barely misses you.
The gnoll hits you but does no damage.
Damage: -2%(-1hp) hp: 40%(19hp) Throw: large rock
Press: ? - help, Shift-Dir - straight line, f - gnoll
Aim: a gnoll, wielding a +0 flail (58% to hit)
You throw a large rock.
The large rock closely misses the adder.
The large rock hits the gnoll but does no damage.
You feel sick.
You are no longer poisoned.
The adder closely misses you. The gnoll barely misses you.
The adder bites you but does no damage.
The gnoll hits you from afar with a +0 halberd!
* * * LOW HITPOINT WARNING * * *
The adder bites you.
* * * LOW HITPOINT WARNING * * *
You are lethally poisoned!
The adder poisons you!
Huge Dmg: -27%(-13hp) hp: 13%(6hp) It was a potion of ambrosia.
You are confused.
You feel invigorated.
You feel sick. The adder bites you.
* * * LOW HITPOINT WARNING * * *
You are lethally poisoned!
The adder poisons you!
The gnoll hits you from afar with a +0 halberd!
You die...

..# #.# .# #.###...#
#.......# #g###.#?# #†#
#.# #.#####.# .##
#ggS@...# ...S #.###.###
#. #.# #.# ## #.# #.#
#.###.######### ...
#...†.##<.....# ###
#...#).†..###.#
#######+#######....##.###
...........##......##†#.#


You could see 2 gnolls and an adder.

Vanquished Creatures
  A gnoll (D:2)
  An adder (D:2)
  4 dart slugs
  4 endoplasms (D:1)
  2 giant cockroaches (D:1)
  4 goblins
  4 jackals (D:1)
  2 quokkas (D:1)
  5 ball pythons (D:1)
  2 bats (D:1)
  A kobold (D:1)
  7 rats
37 creatures vanquished.

Notes
Turn   | Place    | Note
-------+----------+-------------------------------------------
     0 | D:1      | Lexodia the Ogre Gladiator began the quest for the Orb.
     0 | D:1      | Reached XP level 1. HP: 22/22 MP: 1/1
   192 | D:1      | Reached XP level 2. HP: 29/29 MP: 2/2
   314 | D:1      | Huge Dmg: 5 dmg
   389 | D:1      | Found a faded altar of an unknown god.
   406 | D:1      | You fall into a shaft and drop 1 floor!
   503 | D:1      | Reached XP level 3. HP: 34/37 MP: 3/3
   952 | D:2      | Huge Dmg: 8 dmg
  1192 | D:2      | Reached XP level 4. HP: 48/48 MP: 4/4
  1194 | D:2      | Huge Dmg: 23 dmg
  1201 | D:2      | Huge Dmg: 13 dmg
  1201 | D:2      | Slain by a gnoll

Illustrated notes

Levels and vault maps discovered:
D:1:      evilmike_arrival_grusome_pit, layout_basic,
          shapermc_ecumenical_altar_venn
D:2:      layout_basic

Skill      XL: |  1  2  3 |
---------------+----------+-----
Fighting       | 3 |  3.7
Dodging        | 3 |  3.2
Maces & Flails | 3 |  3.1
Throwing       | |  2.7

Action                     |  1- 3 |  4- 6 || total
---------------------------+-------+-------++-------
  Melee: Flail             |   119 |     3 ||   122
         Punch             |     2 |       ||     2
  Throw: Large rock        |       |     1 ||     1
    Use: Potion            |       |     1 ||     1
 Armour: Robe              |    42 |     3 ||    45
  Dodge: Dodged            |    74 |     7 ||    81

Table legend: (Time is in decaauts)
 A = Elapsed time spent in this place.
 B = Non-inter-level travel time spent in this place.
 C = Inter-level travel time spent in this place.
 D = Time resting spent in this place.
 E = Time spent auto-exploring this place.
 F = Levels seen in this place.
 G = Mean time per level.
                   A        B        C        D        E       F      G
               +--------+--------+--------+--------+--------+-----+--------+
         Total |   1234 |   1080 |    154 |     54 |    730 |   2 |  617.0 |
       Dungeon |   1234 |   1080 |    154 |     54 |    730 |   2 |  617.0 |
               +--------+--------+--------+--------+--------+-----+--------+

Top non-repeatable levels by time:
     D:1: 1100 daAuts
     D:2: 133 daAuts
